AoeStats
← _LY_抖音肥龙

Nomad

503614704Analyzed
1v1 RM · 1mo ago on Sep 1, 2026· 40m 58s· 2 players
Game mode
Random Map
Map size
126×126
Population
200
Speed
Normal
Resources
Standard
Victory
Conquest
Starting age
Dark Age
Ending age
Imperial Age
RankedLock teamsTeams togetherTeam positionsShared explorationLock speedFull tech treeHidden civsTurbo modeCheats
Victory
Defeat
🇭🇰 Byzantines · Hong Kong SAR China
2823
+9
🇩🇪 Saracens · Germany
2669
-9
RoR | Benanji
4:42 Loom
11:51 Feudal Age
12:28 Double-Bit Axe
15:39 Fishing Lines
21:42 Forging
25:09 Castle Age
26:08 Gillnets
25:42 Light Cavalry
31:03 Medium Warships
35:05 Sanctity
35:34 Redemption
_LY_抖音肥龙
11:45 Feudal Age
12:14 Double-Bit Axe
19:07 Castle Age
17:16 Horse Collar
18:18 Forging
20:01 Medium Warships
20:36 Bow Saw
20:17 Loom
24:36 Scale Mail Armor
25:40 Wheelbarrow
26:52 Fishing Lines
32:19 Heavy Plow
33:32 Scale Barding Armor
33:34 Gillnets
38:28 Imperial Age
36:19 Hand Cart
36:17 Gold Mining
36:19 Stone Mining
37:01 Devotion
38:05 Gold Shaft Mining
38:56 Chain Barding Armor
40:23 Plate Barding Armor
39:50 Husbandry
41:38 Two-Man Saw
41:02 Conscription
40:08 Light Cavalry
41:25 Iron Casting
Connection lost

Rejoining the realm…

Still unreachable

The connection could not be restored.

Session expired

The server has moved on; the page needs a fresh start.